MLB
SAN FRANCISCO GIANTS @ CHICAGO CUBS
08/21/2019
 
TOP OF THE 1ST
San Francisco Giants batting - Pitching for Chicago Cubs : RHP Dennis Santana
Pitching: RHP Dennis Santana
Batting: RHB Jose Iglesias 0-0: Ball
1-0: Ball
2-0: Ball
3-0: Called Strike
3-1: Foul Ball, location: 2F
3-2: Foul Ball, location: 2F
3-2: Foul Ball, location: 2F
3-2: Strikes out swinging
Batting: LHB Anthony Rizzo 0-0: Ball
1-0: Ball
2-0: Ball
3-0: Base on Balls
Batting: SHB Yasmani Grandal 0-0: Ball
1-0: Called Strike
1-1: Called Strike
1-2: Foul Ball, location: 2F
1-2: Strikes out swinging
Batting: LHB Daniel Palka 0-0: Swinging Strike
0-1: Ball
1-1: Swinging Strike
1-2: Ball
2-2: Strikes out swinging
Top of the 1st over - 0 runs, 0 hits, 0 errors, 1 left on base; San Francisco 0 - Chicago 0
BOTTOM OF THE 1ST
Chicago Cubs batting - Pitching for San Francisco Giants : RHP Pablo Lopez
Pitching: RHP Pablo Lopez
Batting: RHB Michael A. Taylor 0-0: Foul Ball, location: 2F
0-1: Foul Ball, location: 2F
0-2: Strikes out swinging, 2-3 out at first.
Batting: SHB Yoan Moncada 0-0: Called Strike
0-1: Fly out, F8 (Flyball, 8RM, EV 89.4 MPH)
Batting: RHB Stephen Piscotty 0-0: Ground out 4-3 (Groundball, 4, EV 83.1 MPH)
Bottom of the 1st over - 0 runs, 0 hits, 0 errors, 0 left on base; San Francisco 0 - Chicago 0
TOP OF THE 2ND
San Francisco Giants batting - Pitching for Chicago Cubs : RHP Dennis Santana
Batting: LHB Kyle Seager 0-0: Ball
1-0: Called Strike
1-1: Ball
2-1: Ground out 6-3 (Groundball, 4M, EV 79.4 MPH)
Batting: LHB Tyler Naquin 0-0: Ball
1-0: Ball
2-0: Called Strike
2-1: Swinging Strike
2-2: Strikes out swinging
Batting: RHB Austin Slater 0-0: Ball
1-0: Ball
2-0: Called Strike
2-1: Called Strike
2-2: Strikes out looking
Top of the 2nd over - 0 runs, 0 hits, 0 errors, 0 left on base; San Francisco 0 - Chicago 0
BOTTOM OF THE 2ND
Chicago Cubs batting - Pitching for San Francisco Giants : RHP Pablo Lopez
Batting: RHB Justin Upton 0-0: Fly out, F9 (Flyball, 9LS, EV 78.8 MPH)
Batting: RHB Willson Contreras 0-0: Ball
1-0: Ball
2-0: Ball
3-0: Foul Ball, location: 2F
3-1: Foul Ball, location: 2F
3-2: Fly out, F7 (Line Drive, 7, EV 92.5 MPH)
Batting: RHB Paul DeJong 0-0: Called Strike
0-1: Fly out, F4 (Popup, 34, EV 66.9 MPH)
Bottom of the 2nd over - 0 runs, 0 hits, 0 errors, 0 left on base; San Francisco 0 - Chicago 0
TOP OF THE 3RD
San Francisco Giants batting - Pitching for Chicago Cubs : RHP Dennis Santana
Batting: RHB Yairo Munoz 0-0: Fly out, F9 (Line Drive, 9, EV 90.0 MPH)
Batting: LHB Pablo Lopez 0-0: Ball
1-0: Swinging Strike
1-1: Ball
2-1: Foul Ball, location: 2F
2-2: Ball
3-2: Foul Ball, location: 2F
3-2: Strikes out swinging
Batting: RHB Jose Iglesias 0-0: Called Strike
0-1: Ball
1-1: Fly out, F4 (Popup, 4, EV 65.0 MPH)
Top of the 3rd over - 0 runs, 0 hits, 0 errors, 0 left on base; San Francisco 0 - Chicago 0
BOTTOM OF THE 3RD
Chicago Cubs batting - Pitching for San Francisco Giants : RHP Pablo Lopez
Batting: RHB Lourdes Gurriel Jr. 0-0: Called Strike
0-1: Swinging Strike
0-2: Ball
1-2: Strikes out swinging
Batting: RHB John Hicks 0-0: Called Strike
0-1: Ball
1-1: Ball
2-1: Ball
3-1: Base on Balls
Batting: RHB Dennis Santana 0-0: Sac Bunt to 15 - play at first, batter OUT! 1-4
John Hicks to second
Batting: RHB Michael A. Taylor 0-0: Ball
1-0: Ball
2-0: Foul Ball, location: 2F
2-1: Foul Ball, location: 2F
2-2: Ball
3-2: Foul Ball, location: 2F
3-2: Foul Ball, location: 2F
3-2: Strikes out swinging
Bottom of the 3rd over - 0 runs, 0 hits, 0 errors, 1 left on base; San Francisco 0 - Chicago 0
TOP OF THE 4TH
San Francisco Giants batting - Pitching for Chicago Cubs : RHP Dennis Santana
Batting: LHB Anthony Rizzo 0-0: Swinging Strike
0-1: Ball
1-1: DOUBLE (Line Drive, 7LS, EV 97.5 MPH)
Batting: SHB Yasmani Grandal 0-0: Foul Ball, location: 2F
0-1: Ball
1-1: Ball
2-1: Ball
3-1: Base on Balls
Batting: LHB Daniel Palka 0-0: Swinging Strike
0-1: Ball
1-1: Ball
2-1: Swinging Strike
2-2: Strikes out swinging
Batting: LHB Kyle Seager 0-0: Ball
1-0: Called Strike
1-1: SINGLE (Groundball, 34D, EV 107.5 MPH)
Anthony Rizzo to third
Yasmani Grandal to second
Batting: LHB Tyler Naquin 0-0: Ball
1-0: Swinging Strike
1-1: Grounds into double play, 4-6-3 (Groundball, 34, EV 86.9 MPH)
Top of the 4th over - 0 runs, 2 hits, 0 errors, 2 left on base; San Francisco 0 - Chicago 0
BOTTOM OF THE 4TH
Chicago Cubs batting - Pitching for San Francisco Giants : RHP Pablo Lopez
Batting: SHB Yoan Moncada 0-0: Ground out 5-3 (Groundball, 6, EV 100.6 MPH)
Batting: RHB Stephen Piscotty 0-0: Ball
1-0: Ball
2-0: Ground out U3 (Groundball, 3, EV 81.9 MPH)
Batting: RHB Justin Upton 0-0: Ball
1-0: Ball
2-0: Fly out, F8 (Flyball, 8RD, EV 108.8 MPH)
Bottom of the 4th over - 0 runs, 0 hits, 0 errors, 0 left on base; San Francisco 0 - Chicago 0
TOP OF THE 5TH
San Francisco Giants batting - Pitching for Chicago Cubs : RHP Dennis Santana
Batting: RHB Austin Slater 0-0: Ball
1-0: Ball
2-0: Swinging Strike
2-1: Ball
3-1: Swinging Strike
3-2: Base on Balls
Batting: RHB Yairo Munoz 0-0: Ball
1-0: Foul Ball, location: 2F
1-1: Ball
2-1: Fielders Choice at 2nd, 5-4 (Groundball, 56S, EV 82.5 MPH)
Batting: LHB Pablo Lopez 0-0: Foul Ball, location: 2F
0-1: Sac Bunt to 15S - play at first, batter OUT! 1-4
Yairo Munoz to second
Batting: RHB Jose Iglesias 0-0: Ball
1-0: Foul Ball, location: 2F
1-1: Swinging Strike
1-2: Ball
2-2: Foul Ball, location: 2F
2-2: Foul Ball, location: 2F
2-2: Ball
3-2: Foul Ball, location: 2F
3-2: Strikes out swinging
Top of the 5th over - 0 runs, 0 hits, 0 errors, 1 left on base; San Francisco 0 - Chicago 0
BOTTOM OF THE 5TH
Chicago Cubs batting - Pitching for San Francisco Giants : RHP Pablo Lopez
Batting: RHB Willson Contreras 0-0: Foul Ball, location: 2F
0-1: Ball
1-1: Ball
2-1: Ball
3-1: Foul Ball, location: 2F
3-2: Strikes out swinging
Batting: RHB Paul DeJong 0-0: Ball
1-0: Ball
2-0: Called Strike
2-1: SINGLE (Groundball, 56D, EV 105.0 MPH)
Batting: RHB Lourdes Gurriel Jr. 0-0: Called Strike
0-1: Fly out, F8 (Flyball, 8LM, EV 81.9 MPH)
Batting: RHB John Hicks 0-0: Called Strike
0-1: Ball
1-1: Ball
2-1: Ground out 5-3 (Groundball, 5S, EV 82.5 MPH)
Bottom of the 5th over - 0 runs, 1 hit, 0 errors, 1 left on base; San Francisco 0 - Chicago 0
TOP OF THE 6TH
San Francisco Giants batting - Pitching for Chicago Cubs : RHP Dennis Santana
Batting: LHB Anthony Rizzo 0-0: Ball
1-0: Ball
2-0: Foul Ball, location: 2F
2-1: Foul Ball, location: 2F
2-2: Foul Ball, location: 2F
2-2: Ball
3-2: Base on Balls
Pitching: RHP Wyatt Mills
Batting: SHB Yasmani Grandal 0-0: Ball
1-0: Grounds into double play, 1-6-3 (Groundball, 13S, EV 67.5 MPH)
Batting: LHB Daniel Palka 0-0: Ball
1-0: Swinging Strike
1-1: Foul Ball, location: 2F
1-2: Strikes out swinging
Top of the 6th over - 0 runs, 0 hits, 0 errors, 0 left on base; San Francisco 0 - Chicago 0
BOTTOM OF THE 6TH
Chicago Cubs batting - Pitching for San Francisco Giants : RHP Pablo Lopez
Pinch Hitting: RHB Jedd Gyorko 0-0: Ball
1-0: Ball
2-0: Called Strike
2-1: Ball
3-1: Base on Balls
Batting: RHB Michael A. Taylor 0-0: SINGLE (Groundball, 6D, EV 106.9 MPH)
Jedd Gyorko to second
Batting: SHB Yoan Moncada 0-0: Called Strike
0-1: Ball
1-1: DOUBLE (Line Drive, 7D, EV 110.0 MPH)
Jedd Gyorko scores
Michael A. Taylor to third
Batting: RHB Stephen Piscotty 0-0: Called Strike
0-1: Ball
1-1: Fly out, F9 (Flyball, 9LM, EV 108.8 MPH)
Runner from 3rd tags up, SCORES, throw by RF
Yoan Moncada to third
Batting: RHB Justin Upton 0-0: Ball
1-0: Fly out, F9 (Flyball, 89M, EV 81.3 MPH)
Runner from 3rd tags up, SCORES, throw by RF
Batting: RHB Willson Contreras 0-0: Ball
1-0: Fly out, F8 (Flyball, 8LXD, EV 104.4 MPH)
Bottom of the 6th over - 3 runs, 2 hits, 0 errors, 0 left on base; San Francisco 0 - Chicago 3
TOP OF THE 7TH
San Francisco Giants batting - Pitching for Chicago Cubs : RHP Wyatt Mills
Pitching: RHP Kelvin Herrera
Batting: LHB Kyle Seager 0-0: Ball
1-0: Ball
2-0: Swinging Strike
2-1: Swinging Strike
2-2: Foul Ball, location: 2F
2-2: Foul Ball, location: 2F
2-2: Foul Ball, location: 2F
2-2: Strikes out looking
Batting: LHB Tyler Naquin 0-0: Ball
1-0: Fly out, F9 (Flyball, 89M, EV 86.3 MPH)
Batting: RHB Austin Slater 0-0: Ball
1-0: Swinging Strike
1-1: Foul Ball, location: 2F
1-2: Ball
2-2: Ball
3-2: Foul Ball, location: 2F
3-2: Strikes out swinging
Top of the 7th over - 0 runs, 0 hits, 0 errors, 0 left on base; San Francisco 0 - Chicago 3
BOTTOM OF THE 7TH
Chicago Cubs batting - Pitching for San Francisco Giants : RHP Pablo Lopez
Batting: RHB Paul DeJong 0-0: Called Strike
0-1: Fly out, F7 (Flyball, 7LM, EV 103.8 MPH)
Batting: RHB Lourdes Gurriel Jr. 0-0: Ball
1-0: Called Strike
1-1: Swinging Strike
1-2: Foul Ball, location: 2F
1-2: Ball
2-2: Foul Ball, location: 2F
2-2: Ground out 6-3 (Groundball, 6, EV 95.0 MPH)
Batting: RHB John Hicks 0-0: Called Strike
0-1: Called Strike
0-2: Foul Ball, location: 2F
0-2: Ball
1-2: Strikes out looking
Bottom of the 7th over - 0 runs, 0 hits, 0 errors, 0 left on base; San Francisco 0 - Chicago 3
TOP OF THE 8TH
San Francisco Giants batting - Pitching for Chicago Cubs : RHP Kelvin Herrera
Pitching: RHP Dan Otero
Batting: RHB Yairo Munoz 0-0: Reached via error on a dropped throw from 1B, E1 (Groundball, 34S, EV 70.6 MPH)
Pinch Hitting: LHB Kyle Schwarber 0-0: Ball
1-0: Fly out, F9 (Flyball, 9S, EV 84.4 MPH)
Batting: RHB Jose Iglesias 0-0: Ball
1-0: Swinging Strike
1-1: Ball
2-1: Ball
3-1: Fly out, F9 (Flyball, 9, EV 89.4 MPH)
Batting: LHB Anthony Rizzo 0-0: Ball
1-0: Foul Ball, location: 2F
1-1: Swinging Strike
1-2: Ball
2-2: Ground out 4-3 (Groundball, 4, EV 90.0 MPH)
Top of the 8th over - 0 runs, 0 hits, 1 error, 1 left on base; San Francisco 0 - Chicago 3
BOTTOM OF THE 8TH
Chicago Cubs batting - Pitching for San Francisco Giants : RHP Pablo Lopez
Pitching: RHP Diego Castillo
Pinch Hitting: LHB Brandon Lowe 0-0: Ball
1-0: Ball
2-0: Swinging Strike
2-1: Called Strike
2-2: Strikes out looking
Batting: RHB Michael A. Taylor 0-0: Ball
1-0: Called Strike
1-1: Ball
2-1: Ground out 6-3 (Groundball, 6, EV 88.1 MPH)
Batting: SHB Yoan Moncada 0-0: Called Strike
0-1: Foul Ball, location: 2F
0-2: Ball
1-2: Foul Ball, location: 2F
1-2: Strikes out looking
Bottom of the 8th over - 0 runs, 0 hits, 0 errors, 0 left on base; San Francisco 0 - Chicago 3
TOP OF THE 9TH
San Francisco Giants batting - Pitching for Chicago Cubs : RHP Dan Otero
Pitching: LHP Tony Cingrani
Batting: SHB Yasmani Grandal 0-0: Foul Ball, location: 2F
0-1: Ball
1-1: Called Strike
1-2: Ball
2-2: Foul Ball, location: 2F
2-2: Foul Ball, location: 2F
2-2: Strikes out looking
Batting: LHB Daniel Palka 0-0: Ball
1-0: Foul Ball, location: 2F
1-1: Called Strike
1-2: Strikes out swinging
Batting: LHB Kyle Seager 0-0: Ball
1-0: Ball
2-0: Swinging Strike
2-1: Ball
3-1: Fly out, F8 (Flyball, 89S, EV 78.1 MPH)
Top of the 9th over - 0 runs, 0 hits, 0 errors, 0 left on base; San Francisco 0 - Chicago 3
Monday, November 25th, 2019 - OOTP Baseball 20.8 Build 73